 Dungeon Crawl Stone Soup version 0.31-a0-219-g8d62b2e7bb (webtiles) character file.

Game seed: 7239692031461183622

623 qw the Shooter (level 7, -6/43 HPs)
             Began as a Gargoyle Hexslinger on July 3, 2023.
             Was an Initiate of Okawaru.
             Killed by divine providence
             ... invoked by an orc priest
              (16 damage)
             ... on level 5 of the Dungeon.
             The game lasted 00:01:20 (3643 turns).

qw the Shooter (Gargoyle Hexslinger)                Turns: 3643, Time: 00:01:20

Health: -6/43      AC: 13    Str: 17    XL:     7   Next: 47%
Magic:  8/8        EV: 12    Int: 14    God:    Okawaru [......]
Gold:   300        SH:  0    Dex: 14    Spells: 7/8 levels left

rFire   + . .        Y - +4 longbow (freeze)
rCold   . . .        (shield currently unavailable)
rNeg    + . .        j - +2 robe {rF+}
rPois   inf          i - +1 helmet
rElec   +            (no cloak)
rCorr   .            c - +0 pair of gloves
SInv    .            k - +0 pair of boots
Will    .....        (no amulet)
Stlth   +            h - +6 ring of strength
HPRegen 0.27/turn    (no ring)
MPRegen 0.11/turn

%: no passive effects
@: no status effects
A: sickness immunity, AC +4, negative energy resistance 1, electricity
resistance, torment resistance 1, petrification resistance
a: Renounce Religion


You were on level 5 of the Dungeon.
You worshipped Okawaru.
Okawaru was noncommittal.
You visited 2 branches of the dungeon, and saw 6 of its levels.

You collected 300 gold pieces.


Innate Abilities, Weirdness & Mutations

You are immune to sickness and miasma.
Your stone body is resilient. (AC +4)
You are immune to poison.
You resist negative energy. (rN+)
You are resistant to electric shocks. (rElec)
You are resistant to unholy torment.
You are immune to petrification.


   Skills:
 - Level 4.0 Fighting
 + Level 7.0 Ranged Weapons
 - Level 1.0 Armour
 - Level 1.5 Dodging
 - Level 1.0 Spellcasting
 - Level 2.6 Hexes


You had 7 spell levels left.
You knew the following spells:

 Your Spells              Type           Power      Damage    Failure   Level
a - Slow                  Hex            32%        N/A       9%          1

Your spell library contained the following spells:

 Spells                   Type           Power      Damage    Failure   Level
 Inner Flame              Hex/Fire       4%         N/A       41%         3
 Portal Projectile        Hex/Tloc       8%         N/A       41%         3
 Cause Fear               Hex            4%         N/A       65%         4

Inventory:

Hand Weapons
 Y - a +4 longbow of freezing (weapon)
Armour
 a - the scarf of the Lychee {harm, Fly Str+2}
   (You acquired it on level 4 of the Dungeon)

   Str:       It affects your strength (+2).
   Fly:       It grants you flight.
 c - a +0 pair of gloves (worn)
 i - a +1 helmet (worn)
 j - a +2 robe of fire resistance (worn)
 k - a +0 pair of boots (worn)
Jewellery
 h - a +6 ring of strength (left hand)
Scrolls
 e - a scroll of identify
 f - a scroll of revelation {unknown}
Potions
 b - a potion of mutation {unknown}
 d - a potion of curing
 l - a potion of might {unknown}
 m - a potion of cancellation {unknown}

Dungeon Overview and Level Annotations

Branches:
Dungeon (5/15)             Temple (1/1) D:4

Altars:
Ashenzari
Cheibriados
Dithmenos
Elyvilon
Fedhas
Gozag
Kikubaaqudgha
Makhleb
Nemelex Xobeh
Okawaru
Qazlal
Sif Muna
Trog
Uskayaw
Vehumet
Wu Jian
Xom
Yredelemnul
Zin

Shops:
D:5 :


Message History

Your Ranged Weapons skill increases to level 7!
You shoot an arrow. The arrow hits the gnoll.
The arrow freezes the gnoll.
The gnoll is lightly wounded.
The gnoll misses you. x2
You shoot an arrow. The arrow hits the gnoll.
The arrow freezes the gnoll.
The gnoll is moderately wounded.
The gnoll closely misses you. The gnoll barely misses you.
A gnoll comes into view. It is wielding a +0 spear.
The gnoll hits you from afar with a +0 spear.
The gnoll hits you from afar with a +0 halberd.
3636 ||| Stepping ~*~*~tactically~*~*~ (outnumbered).
You shoot an arrow. The arrow hits the gnoll.
The arrow freezes the gnoll.
The gnoll is severely wounded.
The gnoll hits you from afar with a +0 spear.
You shoot an arrow. The arrow hits the gnoll!
The arrow freezes the gnoll.
You kill the gnoll!
Okawaru accepts your kill. The gnoll barely misses you.
You shoot an arrow. The arrow hits the gnoll!
The arrow freezes the gnoll.
You kill the gnoll!
Okawaru accepts your kill.
The orc priest invokes the aid of Beogh against you.
Pain shoots through your body!
You shoot an arrow. The arrow hits the gnoll.
The arrow freezes the gnoll.
The gnoll is heavily wounded.
The gnoll barely misses you.
You shoot an arrow. The arrow hits the gnoll.
The arrow freezes the gnoll.
The gnoll is severely wounded.
Your attacks no longer feel as feeble.
The gnoll completely misses you. The gnoll misses you.
You shoot an arrow. The arrow barely misses the gnoll.
The arrow hits the orc priest!
The arrow freezes the orc priest.
The orc priest is severely wounded.
The gnoll barely misses you.
You shoot an arrow. The arrow barely misses the gnoll.
The arrow closely misses the orc.
The gnoll closely misses you.
The orc priest mumbles some strange prayers to Beogh against you.
Beogh smites you!
You die...

.. ...# #.....# ... ...
###.....#### ##.## #..
#..).......###### ..... #.#
#.###...#.......#
......#.###.# #...#.......#
......#.....# #...#....%...
.._..g..##### #...#........
......#o#######...#........
......#og.@...+...+....>...
..go. #.#######...#........
##)## #g. ####..... .o.
.... #......## .o ....)#
#.###..## ......# #........
.......# ####..###
o5......# #.##.#...
#....#.##


You could see an orc priest, a gnoll and an orc.

Vanquished Creatures
  A black bear (D:2)
  A phantom (D:5)
  3 hounds (D:4)
  A gnoll bouda (D:5)
  A sleepcap (D:5)
  Jessica (D:2)
  Robin (D:2)
  10 gnolls
  5 adders
  A white imp (D:5)
  5 worms
  4 dart slugs
  7 orcs
  11 ball pythons
  3 bats
  4 endoplasms
  5 giant cockroaches
  19 goblins
  8 hobgoblins
  3 quokkas (D:2)
  4 frilled lizards
  5 kobolds
  8 rats
111 creatures vanquished.

Notes
Turn   | Place    | Note
-------+----------+-------------------------------------------
     0 | D:1      | qw the Gargoyle Hexslinger began the quest for the Orb.
     0 | D:1      | Reached XP level 1. HP: 12/12 MP: 2/2
     0 | D:1      | 0 ||| qw: Version: 0.3-a-40-ge99b1a8
     0 | D:1      | 0 ||| qw: Game counter: 435
     0 | D:1      | 0 ||| qw: Melee chars always use a shield: true
     0 | D:1      | 0 ||| qw: God list: Okawaru
     0 | D:1      | 0 ||| qw: Allow faded altars: false
     0 | D:1      | 0 ||| qw: Do Orc after clearing Dungeon:15 true
     0 | D:1      | 0 ||| qw: Do second Lair branch before Depths: true
     0 | D:1      | 0 ||| qw: Lair rune preference: random
     0 | D:1      | 0 ||| qw: Goals: Normal
     0 | D:1      | 0 ||| PLANNING D:1-11
   138 | D:1      | Reached XP level 2. HP: 16/16 MP: 3/3
   227 | D:1      | Reached skill level 3 in Ranged Weapons
   354 | D:1      | Found a faded altar of an unknown god.
   423 | D:1      | Reached XP level 3. HP: 21/21 MP: 4/4
   895 | D:1      | 895 ||| UPGRADING to +0 leather armour.
   905 | D:1      | 905 ||| DROPPING +0 robe.
   906 | D:1      | 906 ||| UPGRADING to +6 ring of strength.
   907 | D:1      | 907 ||| READING scroll labelled UROZOWNENESCH.
  1008 | D:1      | 1008 ||| READING scroll labelled KAOHAD PISOAR.
  1008 | D:1      | Identified a scroll of acquirement
  1008 | D:1      | 1008 ||| ACQUIRING +2 longbow of freezing
  1008 | D:1      | Acquired a +2 longbow of freezing
  1010 | D:1      | 1010 ||| SWAPPING to +2 longbow of freezing.
  1011 | D:1      | 1011 ||| DROPPING +1 sling.
  1012 | D:1      | 1012 ||| DROPPING scroll of poison.
  1032 | D:2      | 1032 ||| STAIRDANCE
  1064 | D:2      | 1064 ||| STAIRDANCE
  1115 | D:2      | 1115 ||| STAIRDANCE
  1165 | D:2      | Reached skill level 4 in Ranged Weapons
  1165 | D:2      | Reached XP level 4. HP: 23/26 MP: 5/5
  1165 | D:2      | 1165 ||| FLEEEEING.
  1166 | D:2      | 1166 ||| STAIRDANCE
  1179 | D:2      | 1179 ||| STAIRDANCE
  1389 | D:2      | Noticed Robin
  1395 | D:2      | Noticed Jessica
  1397 | D:2      | Killed Jessica
  1398 | D:2      | Reached skill level 5 in Ranged Weapons
  1398 | D:2      | Reached XP level 5. HP: 27/30 MP: 6/6
  1401 | D:2      | Killed Robin
  1458 | D:2      | Noticed a black bear
  1467 | D:2      | Killed a black bear
  1468 | D:2      | Reached XP level 6. HP: 20/38 MP: 7/7
  1912 | D:2      | 1912 ||| UPGRADING to +0 pair of gloves.
  1917 | D:2      | 1917 ||| UPGRADING to +1 helmet.
  1922 | D:2      | 1922 ||| UPGRADING to +2 robe of fire resistance.
  1932 | D:2      | 1932 ||| DROPPING +0 leather armour.
  1933 | D:2      | 1933 ||| UPGRADING to +0 pair of boots.
  1938 | D:2      | 1938 ||| READING scroll labelled WYSAER FEBLU.
  1939 | D:2      | 1939 ||| READING scroll labelled JUTAKU YZILOT.
  1940 | D:2      | 1940 ||| READING scroll labelled FUUDOESAQO.
  2009 | D:3      | Reached skill level 1 in Armour
  2636 | D:3      | 2636 ||| READING scroll labelled COOMPONNAC.
  2637 | D:3      | 2637 ||| READING scroll labelled DAZUYW XIORUYPP.
  2638 | D:3      | 2638 ||| READING 2 scrolls labelled UKLIAN RASTAKLI.
  2639 | D:3      | 2639 ||| READING scroll of enchant weapon.
  2639 | D:3      | 2639 ||| ENCHANTING +3 longbow of freezing.
  2663 | D:4      | 2663 ||| READING scroll of acquirement.
  2663 | D:4      | 2663 ||| ACQUIRING scarf of the Lychee {harm, Fly Str+2}
  2663 | D:4      | Acquired the scarf of the Lychee {harm, Fly Str+2}
  2897 | D:4      | Found a staircase to the Ecumenical Temple.
  2898 | D:4      | 2898 ||| PLANNING TEMPLE
  2898 | D:4      | 2898 ||| DRINKING 2 blue potions.
  2899 | D:4      | 2899 ||| DRINKING 2 black potions.
  2900 | D:4      | 2900 ||| DROPPING potion of magic.
  2906 | Temple   | Entered the Ecumenical Temple
  2926 | Temple   | 2926 ||| PLANNING OKAWARU WORSHIP
  3059 | Temple   | Became a worshipper of Warmaster Okawaru
  3060 | Temple   | 3060 ||| PLANNING D:1-11
  3269 | D:4      | Reached skill level 6 in Ranged Weapons
  3269 | D:4      | Reached XP level 7. HP: 43/43 MP: 8/8
  3456 | D:4      | 3456 ||| READING scroll labelled NESUNI TUPPAIZ.
  3490 | D:5      | Entered Level 5 of the Dungeon
  3500 | D:5      | Found Oblas's Book Boutique.
  3518 | D:5      | Found a basalt altar of Yredelemnul.
  3529 | D:5      | 3529 ||| FLEEEEING.
  3548 | D:5      | Found a stormy altar of Qazlal.
  3621 | D:5      | Found an opulent altar of Gozag.
  3626 | D:5      | 3626 ||| Stepping ~*~*~tactically~*~*~ (outnumbered).
  3628 | D:5      | 3628 ||| Stepping ~*~*~tactically~*~*~ (outnumbered).
  3631 | D:5      | 3631 ||| Stepping ~*~*~tactically~*~*~ (outnumbered).
  3634 | D:5      | Reached skill level 7 in Ranged Weapons
  3636 | D:5      | 3636 ||| Stepping ~*~*~tactically~*~*~ (outnumbered).
  3639 | D:5      | HP: 9/43 [orc priest/nerve-wracking pain (5)]
  3643 | D:5      | Killed from afar by an orc priest

Levels and vault maps discovered:
D:1:      spicycebolla_green_bress_n_ham_2, layout_basic,
          ebering_ecumenical_altar_abandoned, chequers_garden
D:2:      layout_loops_ring, uniq_robin, uniq_jessica
D:3:      layout_basic
D:4:      layout_loops_cross, temple_green, hex_medium, grunt_decor_arrowhead,
          kennysheep_big_empty_room, feat_on_display
D:5:      layout_basic, old_standard_altar,
          nicolae_hepliaklqana_monster_ancestors,
          mainiacjoe_overflow_large_starburst, serial_shops, shop,
          minmay_shop_damaged, uniq_edmund
Temple:   nicolae_temple_bog_church

Skill      XL: |  1  2  3  4  5  6  7 |
---------------+----------------------+-----
Ranged Weapons | 3 4 5 6 7 |  7.0
Fighting       | 2 4 |  4.0
Armour         | 1 |  1.0
Dodging        | |  1.5
Spellcasting   | |  1.0
Hexes          | |  2.6

Action                     |  1- 3 |  4- 6 |  7- 9 || total
---------------------------+-------+-------+-------++-------
   Fire: Sling             |    60 |       |       ||    60
         Longbow           |    13 |   141 |    42 ||   196
    Use: Scroll            |     2 |     8 |     1 ||    11
         Potion            |       |     2 |       ||     2
 Armour: Robe              |     6 |     2 |     7 ||    15
         Leather armour    |     6 |    29 |       ||    35
  Dodge: Dodged            |    21 |    36 |    13 ||    70

Table legend:
 A = Non-vault XP
 B = Vault XP
 C = Vault XP percentage of total XP
 D = Non-vault monster count
 E = Vault monster count
 F = Vault count percentage of total count
                 A         B        C        D         E       F
            +---------+---------+-------+---------+---------+-------
      Total |     817 |      74 |   8.3 |      98 |      13 |  11.7
            +---------+---------+-------+---------+---------+-------
        D:1 |      69 |       0 |   0.0 |      25 |       0 |   0.0
        D:2 |     223 |      74 |  24.9 |      24 |      13 |  35.1
        D:3 |     104 |       0 |   0.0 |      22 |       0 |   0.0
        D:4 |     166 |       0 |   0.0 |      14 |       0 |   0.0
        D:5 |     255 |       0 |   0.0 |      13 |       0 |   0.0
            +---------+---------+-------+---------+---------+-------
